 Dungeon Crawl Stone Soup version 0.23.2-1-ga50397a (webtiles) character file.

Game seed: 15733317691299023744

2329 myga the Cudgeler (level 9, -1/80 HPs)
             Began as a Troll Wizard on May 14, 2019.
             Was a Believer of Nemelex Xobeh.
             Killed from afar by a shock serpent (8 damage)
             ... with an electric aura
             ... in a bailey.
             The game lasted 00:43:04 (6235 turns).

myga the Cudgeler (Troll Wizard)                    Turns: 6235, Time: 00:43:05

Health: -1/80      AC:  9    Str: 17    XL:     9   Next: 19%
Magic:  10/12      EV: 11    Int: 14    God:    Nemelex Xobeh [**....]
Gold:   424        SH:  0    Dex: 11    Spells: 1/14 levels left

rFire    . . .     SeeInvis .   z - +0 giant club
rCold    + . .     Gourm    +   (shield currently unavailable)
rNeg     . . .     Faith    .   t - +2 robe {MR+}
rPois    .         Spirit   .   b - +0 hat
rElec    .         Reflect  .   r - +0 cloak
rCorr    .         Harm     .   (gloves unavailable)
MR       +....                  (boots unavailable)
Stlth    ++........             (no amulet)
HPRegen  0.63/turn              B - +2 ring of slaying
MPRegen  0.13/turn              G - ring of protection from cold

@: no status effects
A: large, unfitting armour, claws 3, fast metabolism 3, gourmand, regeneration
1, shaggy fur 1, tough skin 3
a: Draw Escape, Draw Destruction, Draw Summoning, Renounce Religion


You were in a bailey.
You worshipped Nemelex Xobeh.
Nemelex Xobeh was pleased with you.
You were completely stuffed.

You visited 2 branches of the dungeon, and saw 9 of its levels.
You also visited: Ossuary and Bailey.

You collected 424 gold pieces.

Inventory:

Hand Weapons
 z - a +0 giant club (weapon)
 C - a +1 flail of holy wrath
Missiles
 c - 261 stones (quivered)
 e - 4 throwing nets
Armour
 b - a +0 hat (worn)
 r - a +0 cloak (worn)
 t - a +2 robe of magic resistance (worn)
Magical Staves
 g - an uncursed staff of earth
Jewellery
 i - an uncursed ring of fire
 l - an uncursed ring of flight
 B - a +2 ring of slaying (left claw)
 G - a ring of protection from cold (right claw)
Wands
 m - a wand of paralysis (11)
 y - a wand of flame (13)
Scrolls
 a - a scroll of remove curse
 j - 2 scrolls of magic mapping
 k - a scroll of fog
 o - 5 scrolls of enchant weapon
 p - 2 scrolls of amnesia
 s - 3 scrolls of blinking
 A - a scroll of enchant armour
 E - a scroll of immolation {unknown}
 F - a scroll of teleportation {unknown}
Potions
 f - 2 potions of heal wounds
 h - 4 potions of flight
 n - a potion of magic
 u - a potion of haste
 v - a potion of brilliance
 w - 2 potions of curing
 x - a potion of ambrosia
 D - a potion of resistance {unknown}
Comestibles
 d - 15 rations
 q - a chunk of flesh


   Skills:
 + Level 2.9 Fighting
 + Level 6.1 Maces & Flails
 + Level 4.2 Dodging
 + Level 2.0 Stealth
 + Level 0.7 Unarmed Combat
 + Level 3.3 Spellcasting
 + Level 1.3 Conjurations
 + Level 2.1 Hexes
 + Level 2.1 Summonings
 + Level 0.6 Translocations
 + Level 3.1 Invocations


You had one spell level left.
You knew the following spells:

 Your Spells              Type           Power        Failure   Level  Hunger
a - Magic Dart            Conj           #...         12%         1    #......
b - Call Imp              Summ           #.......     13%         2    ##.....
c - Blink                 Tloc           N/A          24%         2    ##.....
d - Slow                  Hex            #.......     13%         2    ##.....
e - Conjure Flame         Conj/Fire      #.......     43%         3    ###....
f - Mephitic Cloud        Conj/Pois/Air  #.......     45%         3    ###....

Your spell library contained the following spells:

 Spells                   Type           Power        Failure   Level  Hunger
 Confusing Touch          Hex            #.....       9%          1    #......
 Confuse                  Hex            #.......     26%         3    ###....
 Gell's Gravitas          Tloc           #.........   43%         3    ###....
 Petrify                  Tmut/Erth      #.......     91%         4    #####..
 Metabolic Englaciation   Hex/Ice        #.........   98%         5    ######.
 Yara's Violent Unravell  Hex/Tmut       #.........   98%         5    ######.


Dungeon Overview and Level Annotations

Branches:
Dungeon (8/15)             Temple (1/1) D:4
   Lair: D:8-11

Altars:
Ashenzari
Elyvilon
Fedhas
Gozag
Hepliaklqana
Kikubaaqudgha
Makhleb
Nemelex Xobeh
Okawaru
Qazlal
Ru
Sif Muna
Trog
Uskayaw
Vehumet
Wu Jian
Xom
Yredelemnul
Zin
The Shining One


Innate Abilities, Weirdness & Mutations

You are too large for most types of armour.
You have claws for hands.
Your metabolism is lightning-fast.
You like to eat raw meat.
Your natural rate of healing is unusually fast.
You are covered in fur. (AC +1)
You have extremely tough skin. (AC +3)


Message History

a - the Storm
b - the Orb
c - the Storm You have drawn the Orb.
Press: ? - help, Shift-Dir - straight line, f/p - shock serpent
Aim: a shock serpent (moderately wounded, misshapen and mutated)
The wavering orb of destruction weakly hits the shock serpent!!
The shock serpent is severely wounded.
You can no longer choose one out of three cards.
The shock serpent's electric aura discharges, shocking you!
* * * LOW HITPOINT WARNING * * *
The shock serpent bites you but does no damage.
You draw a card...
You have drawn Pain.
Press: ? - help, Shift-Dir - straight line, f/p - shock serpent
Aim: a shock serpent (severely wounded, misshapen and mutated)
The shock serpent convulses!
The shock serpent's electric aura discharges, shocking you!
You die...
Your body glows with a rainbow of weird colours and disappears.

#####+
##....#
#.....#
#..∩..#
#.....#
##.S.##
#..##@####
#..)
##...##
#...
#.....#
##..
#..∩..#
###
##...##
#####


You could see a shock serpent.

Vanquished Creatures
  An orc warrior (D:7)
  A sky beast (D:5)
  A necrophage (D:7)
  A hornet zombie (D:7)
  An ogre (D:7)
  A black bear (D:6)
  2 phantoms (D:7)
  2 centaurs
  3 bullfrogs
  A scorpion (D:8)
  2 jellies (D:8)
  2 centaur zombies
  A crimson imp (D:4)
  2 quasits
  A hound (D:7)
  Terence (D:2)
  6 worker ants
  Natasha (D:3)
  An orc wizard (D:8)
  3 big kobold zombies (Ossuary)
  2 hound skeletons
  4 mummies (Ossuary)
  A worker ant zombie (D:5)
  2 gnolls (D:5)
  6 adders
  3 shadow imps
  4 oozes
  4 worms
  4 dart slugs
  3 leopard geckos
  9 orcs
  8 bats
  2 bat zombies (D:2)
  8 giant cockroaches
  6 goblins
  9 hobgoblins
  3 jackals (D:7)
  3 quokkas
  2 frilled lizards
  A hobgoblin zombie (Ossuary)
  A jackal skeleton (D:5)
  6 kobolds
  A leopard gecko skeleton (D:4)
  5 rats
  4 rat zombies (D:2)
135 creatures vanquished.

Vanquished Creatures (collateral kills)
  An ice beast (D:6)
  A bullfrog (D:6)
  A scorpion (D:7)
  A centaur zombie (Ossuary)
  A bullfrog zombie (D:7)
  Natasha (twice) (D:3)
  A worker ant (D:6)
  A big kobold zombie (Ossuary)
  A mummy (Ossuary)
  An adder (D:4)
  3 gnolls (D:4)
  A dart slug (D:4)
  A leopard gecko (D:4)
  7 orcs
  2 kobolds (D:5)
  A bat (D:3)
  A frilled lizard (D:2)
  5 goblins
  A hobgoblin zombie (Ossuary)
  A rat (D:2)
34 creatures vanquished.

Vanquished Creatures (others)
  Sigmund (D:3)
1 creature vanquished.

Grand Total: 170 creatures vanquished

Notes
Turn   | Place    | Note
-------+----------+-------------------------------------------
     0 | D:1      | myga the Troll Wizard began the quest for the Orb.
     0 | D:1      | Reached XP level 1. HP: 16/16 MP: 2/2
   254 | D:1      | Found a sparkling altar of Nemelex Xobeh.
   297 | D:1      | Reached XP level 2. HP: 24/24 MP: 4/4
   313 | D:1      | Learned a level 2 spell: Call Imp
   316 | D:1      | Learned a level 2 spell: Blink
   663 | D:1      | Became a worshipper of Nemelex Xobeh the Trickster
   801 | D:2      | Received a gift from Nemelex Xobeh
   820 | D:2      | Noticed Terence
   866 | D:2      | Reached XP level 3. HP: 20/31 MP: 3/5
   872 | D:2      | Killed Terence
   991 | D:2      | Found an ancient bone altar of Kikubaaqudgha.
  1128 | D:2      | Reached XP level 4. HP: 29/39 MP: 6/6
  1421 | D:2      | Learned a level 2 spell: Slow
  1434 | D:2      | Found an opulent altar of Gozag.
  1594 | D:3      | Noticed Sigmund
  1598 | D:3      | Killed Sigmund
  1598 | D:3      | Reached skill level 2 in Maces & Flails
  1598 | D:3      | Reached skill level 1 in Conjurations
  1598 | D:3      | Reached skill level 1 in Invocations
  1598 | D:3      | Reached XP level 5. HP: 46/46 MP: 2/8
  1652 | D:3      | Noticed Natasha
  1675 | D:3      | Killed Natasha
  1675 | D:3      | Reached skill level 1 in Fighting
  1796 | D:3      | Noticed Natasha
  1816 | D:3      | Killed Natasha
  1816 | D:3      | Reached XP level 6. HP: 43/55 MP: 7/9
  1890 | D:3      | Learned a level 3 spell: Conjure Flame
  1895 | D:3      | Reached * piety under Nemelex Xobeh
  2142 | D:3      | Noticed Natasha
  2181 | D:3      | Killed Natasha
  2585 | D:4      | Reached skill level 3 in Maces & Flails
  2717 | D:4      | Found a sand-covered staircase.
  2731 | Ossuary  | Entered an ossuary
  2774 | Ossuary  | Reached skill level 1 in Summonings
  2781 | Ossuary  | Reached XP level 7. HP: 55/62 MP: 0/10
  2803 | Ossuary  | HP: 3/62 [mummy (17)]
  3166 | D:4      | Found a staircase to the Ecumenical Temple.
  3176 | Temple   | Entered the Ecumenical Temple
  3705 | D:4      | Got a distressingly furry ring mail
  3716 | D:5      | Entered Level 5 of the Dungeon
  3799 | D:5      | Reached ** piety under Nemelex Xobeh
  4042 | D:5      | Found a glowing silver altar of Zin.
  4042 | D:5      | Found an iron altar of Okawaru.
  4050 | D:5      | Found a glowing golden altar of the Shining One.
  4244 | D:5      | Found a stormy altar of Qazlal.
  4348 | D:5      | Found an iron altar of Okawaru.
  4545 | D:6      | Reached skill level 4 in Maces & Flails
  4668 | D:6      | Reached XP level 8. HP: 63/72 MP: 6/11
  4763 | D:6      | Reached skill level 1 in Hexes
  5239 | D:6      | Found a sacrificial altar of Ru.
  5421 | D:7      | Reached skill level 5 in Maces & Flails
  5870 | D:7      | Reached XP level 9. HP: 79/80 MP: 4/12
  5939 | D:7      | Found a burning altar of Makhleb.
  6033 | D:8      | Learned a level 3 spell: Mephitic Cloud
  6072 | D:8      | Received a gift from Nemelex Xobeh
  6101 | D:8      | Reached skill level 6 in Maces & Flails
  6125 | D:8      | Reached *** piety under Nemelex Xobeh
  6159 | D:8      | Found a flagged portal.
  6169 | Bailey   | Entered a bailey
  6222 | Bailey   | Noticed a deep elf mage
  6223 | Bailey   | Noticed a shock serpent
  6223 | Bailey   | a deep elf mage changed into a shock serpent
  6231 | Bailey   | HP: 3/80 [shock serpent (7)]
  6235 | Bailey   | Killed from afar by a shock serpent

Skill      XL: |  1  2  3  4  5  6  7  8  9 |
---------------+----------------------------+-----
Maces & Flails | 2 3 4 5 6 |  6.1
Dodging        | 2 3 4 |  4.2
Conjurations   | 1 |  1.3
Invocations    | 1 2 3 |  3.1
Fighting       | 1 2 |  2.9
Summonings     | 1 2 |  2.1
Hexes          | 2 |  2.1
Spellcasting   | 3 |  3.3
Stealth        | 2 |  2.0
Unarmed Combat | |  0.7
Translocations | |  0.6

Action                   |  1- 3 |  4- 6 |  7- 9 || total
-------------------------+-------+-------+-------++-------
Melee: Unarmed           |    24 |       |       ||    24
       Whip              |   105 |   221 |       ||   326
       Flail             |       |    17 |   248 ||   265
       Giant club        |       |       |    91 ||    91
Throw: Stone             |       |     3 |     6 ||     9
       Throwing net      |       |       |     1 ||     1
 Cast: Magic Dart        |    10 |    37 |    36 ||    83
       Call Imp          |     2 |     6 |    22 ||    30
       Slow              |       |     1 |     2 ||     3
Invok: Triple Draw       |       |       |     1 ||     1
 Abil: Draw Destruction  |       |     2 |     3 ||     5
       Draw Summoning    |       |     3 |       ||     3
  Use: Scroll            |     1 |     5 |    10 ||    16
       Potion            |     1 |     3 |     4 ||     8
 Stab: Sleeping          |       |     3 |     3 ||     6
       Distracted        |       |       |     1 ||     1
  Eat: Chunk             |     8 |    24 |    36 ||    68
Armor: Robe              |    56 |   102 |   182 ||   340
Dodge: Dodged            |    81 |   128 |   214 ||   423
